 Dungeon Crawl Stone Soup version 0.29-a0-322-g68df515428 (webtiles) character file.

Game seed: 10408738380158787384

88 siradein the Gusty (level 4, -10/42 HPs)
             Began as an Ogre Air Elementalist on Apr 8, 2022.
             Killed from afar by Natasha (12 damage)
             ... with a puff of flame
             ... on level 2 of the Dungeon.
             The game lasted 00:04:20 (1836 turns).

siradein the Gusty (Ogre Air Elementalist)          Turns: 1836, Time: 00:04:20

Health: -10/42     AC:  3    Str: 12    XL:     4   Next: 54%
Magic:  5/8        EV: 10    Int: 18    God:
Gold:   95         SH:  0    Dex:  9    Spells: 5/9 levels left

rFire   . . .      SeeInvis .   d - +0 spear
rCold   . . .      Faith    .   g - orb {light}
rNeg    . . .      Spirit   .   a - +0 robe
rPois   .          Reflect  .   (helmet restricted)
rElec   .          Harm     .   (no cloak)
rCorr   .          Rampage  .   (gloves unavailable)
Will    .....                   (boots unavailable)
Stlth   +.........              (no amulet)
HPRegen 0.14/turn               (no ring)
MPRegen 0.11/turn               (no ring)

@: glowing
A: large, unfitting armour, tough skin 1
a: no special abilities


You were on level 2 of the Dungeon.
You visited 1 branch of the dungeon, and saw 2 of its levels.

You collected 95 gold pieces.

Inventory:

Hand Weapons
 d - a +0 spear (weapon)
Armour
 a - a +0 robe (worn)
 g - an orb of light (worn)
Jewellery
 k - an amulet of guardian spirit
Scrolls
 f - 2 scrolls of immolation {unknown}
 h - 2 scrolls of identify {unknown}
 i - a scroll of amnesia {unknown}
Potions
 b - a potion of magic
 c - 2 potions of ambrosia {unknown}
 e - 2 potions of degeneration {unknown}
 j - a potion of brilliance {unknown}
 l - a potion of curing {unknown}


   Skills:
 + Level 2.1 Fighting
 + Level 2.4 Dodging
 - Level 1.4 Stealth
 + Level 3.1 Spellcasting
 + Level 1.8 Conjurations
 + Level 3.2 Air Magic


You had 5 spell levels left.
You knew the following spells:

 Your Spells              Type           Power      Damage    Failure   Level
a - Shock                 Conj/Air       44%        1d5       6%          1
b - Swiftness             Air            14%        N/A       13%         3

Your spell library contained the following spells:

 Spells                   Type           Power      Damage    Failure   Level
 Static Discharge         Conj/Air       11%        N/A       9%          2
 Foxfire                  Conj/Fire      24%        2x1d5     11%         1
 Animate Skeleton         Necr           4%         N/A       16%         1
 Pain                     Necr           8%         1d4       16%         1
 Blink                    Tloc           4%         N/A       24%         2
 Conjure Flame            Conj/Fire      6%         6-21      32%         3
 Airstrike                Air            7%         N/A       41%         4
 Inner Flame              Hex/Fire       2%         N/A       43%         3
 Vampiric Draining        Necr           2%         2d6       43%         3
 Flame Wave               Conj/Fire      6%         2d5       73%         4
 Manifold Assault         Tloc           2%         N/A       99%         5
 Storm Form               Tmut/Air       4%         N/A       100%        7


Dungeon Overview and Level Annotations

Branches:
Dungeon (2/15)

Altars:

Shops:
D:2 =!

Annotations:
D:2 Natasha


Innate Abilities, Weirdness & Mutations

You are too large for most types of armour.
You have tough skin. (AC +1)


Message History

The magic dart hits you.
Natasha is nearby!
Natasha is nearby!
Natasha is nearby!
The zap hits Natasha.
Natasha is moderately wounded.
The zap hits Natasha.
Natasha is heavily wounded.
The zap hits Natasha but does no damage.
Natasha is heavily wounded.
Natasha wildly gestures.
Natasha glows brightly for a moment.
Natasha zaps a wand.
The puff of flame hits you!
The zap hits Natasha.
Natasha is severely wounded.
Natasha zaps a wand.
The puff of flame hits you!
You are too injured to fight recklessly!
You are too injured to fight recklessly!
You are too injured to fight recklessly!
You are too injured to fight recklessly!
You are too injured to fight recklessly!
You are too injured to fight recklessly!
You are too injured to fight recklessly!
You are too injured to fight recklessly!
Found a stone staircase leading up.
Natasha zaps a wand.
The puff of flame hits you.
* * * LOW HITPOINT WARNING * * *
There is an entrance to Xuesm's Jewellery Shop here.
You hit Natasha.
Natasha is almost dead.
Natasha claws you.
* * * LOW HITPOINT WARNING * * *
You closely miss Natasha.
Natasha is almost dead.
Natasha claws you!
* * * LOW HITPOINT WARNING * * *
You hit Natasha but do no damage.
Natasha is almost dead.
Natasha zaps a wand.
The puff of flame hits you!
You die...

.<. .. .. .# [. .#
#.####.# #...#..
#....# .# #.!♣†# .#
♣h@.♣ #.#
##♣.#####.### .
#.##..........# .
#.............# ..
####..........# ###.
#..........# #..
#..........###.#
#..........>.#.###
########
####......[...#.....#


You could see Natasha.

Vanquished Creatures
  Natasha (twice) (D:2)
  A dart slug (D:2)
  6 ball pythons
  5 endoplasms
  4 goblins
  2 hobgoblins (D:1)
  4 jackals
  A bat (D:1)
  2 frilled lizards
  2 kobolds (D:1)
  6 rats
35 creatures vanquished.

Notes
Turn   | Place    | Note
-------+----------+-------------------------------------------
     0 | D:1      | siradein the Ogre Air Elementalist began the quest for the
                  | Orb.
     0 | D:1      | Reached XP level 1. HP: 16/16 MP: 3/3
    57 | D:1      | Reached skill level 1 in Conjurations
   177 | D:1      | Reached XP level 2. HP: 26/26 MP: 2/5
   356 | D:1      | Reached skill level 1 in Fighting
   864 | D:1      | Reached XP level 3. HP: 33/33 MP: 2/7
  1161 | D:2      | Noticed Natasha
  1246 | D:2      | Killed Natasha
  1308 | D:1      | Learned a level 3 spell: Swiftness
  1531 | D:2      | Noticed Natasha
  1534 | D:2      | Killed Natasha
  1535 | D:2      | Reached XP level 4. HP: 42/42 MP: 4/8
  1791 | D:2      | Found Ugreetz's Distillery.
  1812 | D:2      | Found Xuesm's Jewellery Shop.
  1829 | D:2      | Noticed Natasha
  1835 | D:2      | HP: 2/42 [Natasha (7)]
  1836 | D:2      | Killed from afar by Natasha

Illustrated notes

Levels and vault maps discovered:
D:1:      shiori_arrival_oz, layout_loops_ring, st_stairs_8,
          chequers_serial_rivers_room_a
D:2:      layout_rooms, serial_shops, shop, shop, nicolae_shop_trees,
          nicolae_shop_trees, nicolae_lakefront_shop,
          hellmonk_ecumenical_altar_watching_god, uniq_natasha

Skill      XL: |  1  2  3 |
---------------+----------+-----
Conjurations   | 1 |  1.8
Fighting       | 1 2 |  2.1
Dodging        | 2 |  2.4
Air Magic      | 3 |  3.2
Spellcasting   | 3 |  3.1
Stealth        | |  1.4

Action                   |  1- 3 |  4- 6 || total
-------------------------+-------+-------++-------
Melee: Unarmed           |     8 |       ||     8
       Spear             |    19 |     4 ||    23
 Cast: Shock             |    53 |    21 ||    74
 Stab: Sleeping          |     1 |       ||     1
Armor: Robe              |     5 |       ||     5
Dodge: Dodged            |    19 |       ||    19

Table legend: (Time is in decaauts)
 A = Elapsed time spent in this place.
 B = Non-inter-level travel time spent in this place.
 C = Inter-level travel time spent in this place.
 D = Time resting spent in this place.
 E = Time spent auto-exploring this place.
 F = Levels seen in this place.
 G = Mean time per level.
                   A        B        C        D        E       F      G
               +--------+--------+--------+--------+--------+-----+--------+
         Total |   1846 |   1760 |     86 |    121 |   1425 |   2 |  923.0 |
       Dungeon |   1846 |   1760 |     86 |    121 |   1425 |   2 |  923.0 |
               +--------+--------+--------+--------+--------+-----+--------+

Top non-repeatable levels by time:
     D:1: 1414 daAuts
     D:2: 432 daAuts
